 Dungeon Crawl Stone Soup version 0.18-a0-1745-gffa9a88 (webtiles) character file.

100 Geeful the Chiller (level 4, 0/27 HPs)
             Began as an Octopode Ice Elementalist on Apr 11, 2016.
             Slain by a kobold (3 damage)
             ... on level 2 of the Dungeon.
             The game lasted 00:04:57 (2481 turns).

Geeful the Chiller (Octopode Ice Elementalist)      Turns: 2481, Time: 00:04:57

Health: 0/27       AC:  1    Str:  7    XL:     4   Next: 74%
Magic:  0/8        EV: 13    Int: 18    God:
Gold:   25         SH:  0    Dex: 12    Spells: 1 memorised, 7 levels left

rFire  . . .     SeeInvis .     c - +0 spear
rCold  . . .     Gourm    .     (no shield)
rNeg   . . .     Faith    .     (helmet restricted)
rPois  .         Spirit   .     (no amulet)
rElec  .         Dismiss  .     i - ring of flight
rCorr  .         Reflect  .     (no ring)
SustAt .         Harm     .     (no ring)
MR     .....                    (no ring)
Stlth  +++.......               (no ring)
                                (no ring)
                                (no ring)
                                (no ring)

@: not resistant to hostile enchantments, fairly stealthy
A: almost no armour, amphibious, 8 rings, constrict 8, camouflage 1, gelatinous
body 1
a: Evoke Flight


You were on level 2 of the Dungeon.
You were very hungry.

You visited 1 branch of the dungeon, and saw 2 of its levels.

You collected 33 gold pieces.

Inventory:

Hand Weapons
 c - a +0 spear (weapon)
Missiles
 m - 2 javelins (quivered)
Jewellery
 i - a ring of flight (left tentacle)
Scrolls
 d - 3 scrolls of identify {unknown}
 e - 3 scrolls of teleportation {unknown}
 g - a scroll of fear {unknown}
 h - 2 scrolls of fog {unknown}
 k - 2 scrolls of remove curse {unknown}
 l - a scroll of blinking {unknown}
Books
 a - a book of Frost

   Spells                             Type                      Level
   a - Freeze                         Ice                          1
   b - Throw Frost                    Conjuration/Ice              2
   c - Ozocubu's Armour               Charms/Ice                   3
   d - Throw Icicle                   Conjuration/Ice              4
   e - Summon Ice Beast               Ice/Summoning                4
Miscellaneous
 j - a plain deck of escape {drawn: 1}
Comestibles
 b - 2 bread rations


   Skills:
 + Level 3.1 Dodging
 - Level 2.6 Stealth
 + Level 2.6 Spellcasting
   Level 1.0 Conjurations
 * Level 4.2 Ice Magic


You had 7 spell levels left.
You knew the following spells:

 Your Spells              Type           Power        Failure   Level  Hunger
a - Freeze                Ice            ###.         3%          1    #......


Dungeon Overview and Level Annotations

Branches:
Dungeon (2/15)

Altars:
Elyvilon
Nemelex Xobeh

Annotations:
D:2 Sigmund


Innate Abilities, Weirdness & Mutations

You cannot wear most types of armour.
You are amphibious.
You can wear up to eight rings at the same time.
You can use your tentacles to constrict eight enemies at once.
Your skin changes colour to match your surroundings (Stealth).
Your rubbery body absorbs attacks (AC +1).


Message History

Aim: a kobold, wearing a robe You reach to attack!
You closely miss the kobold.
The kobold throws a stone.
The stone barely misses you.
Attack whom?
Press: ? - help, Dir - move target cursor, f/p - kobold
Aim: a kobold, wearing a robe You reach to attack!
You hit the kobold but do no damage.
The kobold throws a stone.
The stone hits you.
* * * LOW HITPOINT WARNING * * *
Attack whom?
Press: ? - help, Dir - move target cursor, f/p - kobold
Aim: a kobold, wearing a robe You reach to attack!
You barely miss the kobold.
Attack whom?
Press: ? - help, Dir - move target cursor, f/p - kobold
Aim: a kobold, wearing a robe You closely miss the kobold.
You grab the kobold.
You constrict the kobold, but do no damage.
The kobold hits you.
You die...

. . .._...# .
#..>..# .
#..... .
#.... . ##...
. ... . #K#
#@# ... #(#
.. #.### #.#
#.#.## #(..#
.[ .###....#
###.# .#
.......# #.#
.######.....#
#.#
............#
#.## .#####
#...######..#


You could see a kobold.

Vanquished Creatures
  3 adders (D:2)
  An ooze (D:2)
  A worm (D:2)
  2 dart slugs (D:1)
  5 giant geckos
  4 giant cockroaches (D:1)
  6 goblins
  6 hobgoblins
  4 jackals (D:1)
  3 kobolds
  2 ball pythons (D:2)
  8 bats
  3 giant newts
  4 rats (D:2)
52 creatures vanquished.

Notes
Turn   | Place    | Note
--------------------------------------------------------------
     0 | D:1      | Geeful the Octopode Ice Elementalist began the quest for the Orb.
     0 | D:1      | Reached XP level 1. HP: 11/11 MP: 3/3
   347 | D:1      | Reached XP level 2. HP: 3/17 MP: 3/5
  1263 | D:1      | Reached XP level 3. HP: 19/21 MP: 6/6
  1667 | D:2      | Found a sparkling altar of Nemelex Xobeh.
  1957 | D:2      | Reached XP level 4. HP: 11/27 MP: 4/7
  2165 | D:2      | Reached skill level 4 in Ice Magic
  2174 | D:2      | Noticed Sigmund
  2459 | D:2      | Found a white marble altar of Elyvilon.
  2481 | D:2      | Slain by a kobold

Vault maps used:
D:1:      minmay_arrival_plants_in_alcoves
D:2:      nemelex_deck, overflow_temple_1_default, uniq_sigmund

Skill      XL: |  1  2  3  4 |
---------------+-------------+-----
Ice Magic      | 4 |  4.2
Dodging        | 3 |  3.1
Stealth        | |  2.6
Spellcasting   | |  2.6
Conjurations   | |  1.0

Action                   |  1- 3 |  4- 6 || total
-------------------------+-------+-------++-------
Melee: Unarmed           |    14 |       ||    14
       Spear             |    83 |    24 ||   107
 Cast: Freeze            |    10 |     9 ||    19
Evoke: Deck              |     1 |       ||     1
  Use: Potion            |     1 |       ||     1
 Stab: Sleeping          |     6 |     2 ||     8
       Distracted        |     1 |       ||     1
  Eat: Chunk             |     3 |     1 ||     4
